 Dungeon Crawl Stone Soup version 0.27.1-34-g3ba077fa99 (webtiles) character file.

Game seed: 1735659471784083792

9992 sankara the Martial Artist (level 11, 0/110 HPs)
             Began as a Green Draconian Transmuter on Jan 26, 2022.
             Was a Priest of Wu Jian.
             Slain by a manticore (6 damage)
             ... on level 11 of the Dungeon.
             The game lasted 00:33:42 (12208 turns).

sankara the Martial Artist (DrTm)                  Turns: 12208, Time: 00:33:43

Health: 0/110      AC: 11    Str: 13    XL:     11   Next: 30%
Magic:  9/15       EV: 10    Int: 14    God:    Wu Jian [***...]
Gold:   788        SH:  0    Dex: 14    Spells: 6/16 levels left

rFire    x . .     SeeInvis .     - Unarmed
rCold    + + +     Faith    .   (shield currently unavailable)
rNeg     . . .     Spirit   .   (armour unavailable)
rPois    +         Reflect  .   (helmet currently unavailable)
rElec    .         Harm     .   (cloak currently unavailable)
rCorr    .         Rampage  .   (gloves currently unavailable)
Will     .....                  (boots currently unavailable)
Stlth    +.........             (no amulet)
HPRegen  0.28/turn              t - +4 ring of slaying
MPRegen  0.14/turn              m - +4 ring of protection

@: ice-form, spiked
A: freezing attack, amphibious, boosted hp, (breathe noxious fumes), AC +7,
large, unfitting armour, (poison resistance), (cold-blooded)
a: End Transformation, Renounce Religion, Wall Jump, Serpent's Lash


You were on level 11 of the Dungeon.
You worshipped Wu Jian.
Wu Jian was most pleased with you.
You were a creature of crystalline ice.
You visited 2 branches of the dungeon, and saw 12 of its levels.

You collected 788 gold pieces.

Inventory:

Hand Weapons
 b - the +8 fustibalus "Koebrew" (melded) {venom, rElec}
   (You found it on level 5 of the Dungeon)

   Any ammunition fired from it poisons the flesh of those it strikes.
   rElec:     It insulates you from electricity.
 K - a +0 fustibalus
Missiles
 h - 83 poisoned darts
 r - 3 javelins
 y - 12 sling bullets
 z - 352 stones
 H - 3 boomerangs
Armour
 n - a scarf of repulsion
 p - a +0 pair of boots (melded)
 s - a +2 cloak (melded)
 C - a +2 pair of gloves (melded)
Magical Staves
 A - a staff of conjuration
Jewellery
 i - a +6 ring of intelligence
 j - a +6 ring of dexterity
 k - a ring of fire
 m - a +4 ring of protection (right front paw)
 t - a +4 ring of slaying (left front paw)
 v - a +4 ring of protection
 G - a ring of positive energy
 I - a ring of ice
Scrolls
 e - 6 scrolls of identify
 f - a scroll of fear
 l - a scroll of amnesia
 w - 2 scrolls of summoning
 x - 2 scrolls of vulnerability {unknown}
 D - a scroll of magic mapping
 E - 2 scrolls of enchant weapon
 F - a scroll of brand weapon
 J - 3 scrolls of enchant armour {unknown}
Potions
 a - 3 potions of cancellation
 c - 4 potions of curing
 d - 3 potions of brilliance {unknown}
 g - 2 potions of flight {unknown}
 o - 3 potions of mutation {unknown}
 q - 2 potions of might {unknown}
 u - a potion of heal wounds {unknown}
 B - a potion of berserk rage {unknown}


   Skills:
 + Level 7.2 Fighting
 + Level 7.6 Slings
 - Level 1.7 Dodging
 + Level 9.8 Unarmed Combat
 - Level 3.0 Spellcasting
 + Level 9.4 Transmutations
 - Level 4.0 Ice Magic
 - Level 4.0 Poison Magic


You had 6 spell levels left.
You knew the following spells:

 Your Spells              Type           Power      Damage    Failure   Level
a - Beastly Appendage     Tmut           56%        N/A       1%          1
b - Wereblood             Tmut           28%        N/A       1%          2
c - Spider Form           Tmut/Pois      10%        N/A       4%          3
e - Ice Form              Ice/Tmut       20%        N/A       14%         4

Your spell library contained the following spells:

 Spells                   Type           Power      Damage    Failure   Level
 Ignite Poison            Fire/Tmut/Pois 14%        N/A       11%         3
 Summon Small Mammal      Summ           8%         N/A       22%         1
 Static Discharge         Conj/Air       2%         N/A       32%         2
 Call Canine Familiar     Summ           2%         N/A       54%         3
 Conjure Flame            Conj/Fire      2%         6-21      54%         3
 Summon Guardian Golem    Hex/Summ       2%         N/A       54%         3
 Hailstorm                Conj/Ice       7%         3d4       67%         4
 Sticky Flame             Conj/Fire      2%         2d3       91%         4
 Lightning Bolt           Conj/Air       1%         1d12      99%         5
 Simulacrum               Ice/Necr       3%         N/A       100%        6
 Maxwell's Capacitive Co  Air            1%         ∞         100%        8


Dungeon Overview and Level Annotations

Branches:
Dungeon (11/15)            Temple (1/1) D:4             Orc (0/2) D:9
   Lair: D:8-11

Altars:
Ashenzari
Cheibriados
Dithmenos
Elyvilon
Fedhas
Gozag
Hepliaklqana
Kikubaaqudgha
Makhleb
Nemelex Xobeh
Okawaru
Qazlal
Ru
Sif Muna
Trog
Uskayaw
Vehumet
Wu Jian
Xom
Yredelemnul
Zin
The Shining One

Shops:
D:9 [*

Annotations:
D:10 exclusion: obsidian statue


Innate Abilities, Weirdness & Mutations

You are a creature of crystalline ice.
You have a powerful freezing melee attack.
You are amphibious.
Your maximum health is increased.
Your armour is entirely melded.
You are incapable of wielding weapons or throwing items.
((You can breathe blasts of noxious fumes.))
((Your lurid green scales are hard. (AC +7)))
You cannot fit into any form of body armour.
((Your system is resistant to poisons. (rPois)))
((You are cold-blooded and may be slowed by cold attacks.))


Message History

The yak gores you!
You completely miss the yak.
The yak is almost dead.
The yak gores you.
You bite the yak!
You kill the yak!
The Council accepts your kill.
The kobold brigand throws a poisoned dart.
The poisoned dart hits you!
You are poisoned.
Your transformation has ended.
The +8 fustibalus "Koebrew" {venom, rElec} unmelds from your body.
Your +2 cloak unmelds from your body.
Your +2 pair of gloves unmelds from your body.
Your +0 pair of boots unmelds from your body.
The +8 fustibalus "Koebrew" {venom, rElec} begins to drip with poison!
You feel very sick.
The manticore flicks its tail.
The volley of spikes hits you!!
The barbed spikes become lodged in your body.
* * * LOW HITPOINT WARNING * * *
The kobold brigand throws a poisoned dart.
The poisoned dart hits you!
You are more poisoned.
You feel better. The manticore bites you!
* * * LOW HITPOINT WARNING * * *
The manticore claws you but does no damage. x2
Unknown command.
Casting: Spider Form (mildly dangerous; 4% risk of failure)
Confirm with . or Enter, or press ? or * to list all spells.
You turn into a creature of crystalline ice.
The +8 fustibalus "Koebrew" {venom, rElec} melds into your body.
Your +2 cloak melds into your body.
Your +2 pair of gloves melds into your body.
Your +0 pair of boots melds into your body.
The +8 fustibalus "Koebrew" {venom, rElec} stops dripping with poison.
The manticore bites you!
* * * LOW HITPOINT WARNING * * *
The manticore claws you.
You die...

####(...#####.^...#
#..........#......#
#..............#..#
#...........###...# ###
###.......### ##..# ♣♣..
##.....### #..# ♣Y♣♣♣.#
##......#####..# ♣....+
###.........#..# ♣.♣♣♣K####
#...........YHK.# ♣♣YY..
..#.........##..#############
##.#......##.....H.........
#..##.#.......#.......#....
#.. ...#######........##..#.
#.. ....# #.#......##....
.##.#.... ###.......##... #
.... #....##.#####. #.#
..........# ..


You could see a manticore and a kobold brigand.

Vanquished Creatures
  Fannar (D:10)
  3 two-headed ogres
  Maggie (D:8)
  A kobold demonologist (D:10)
  A troll (D:10)
  2 shadows
  10 yaks
  2 wyverns
  An acid dragon (D:8)
  A water moccasin (D:7)
  5 orc warriors
  An ice beast (D:7)
  A sky beast (D:7)
  A black bear (D:5)
  11 centaurs
  A phantom (D:7)
  A kobold brigand (D:9)
  A wyvern zombie (D:8)
  A bullfrog (D:8)
  A scorpion (D:5)
  A water moccasin skeleton (D:6)
  3 wights (D:8)
  5 centaur zombies
  3 hounds (D:6)
  A jelly (D:5)
  5 orc priests
  4 iguanas
  8 orc wizards
  2 killer bee zombies
  13 gnolls
  A howler monkey skeleton (D:5)
  6 adders
  A white imp (D:5)
  2 ufetubi (D:5)
  An adder skeleton (D:4)
  5 worms
  31 orcs
  6 ball pythons
  6 endoplasms
  4 goblins
  11 hobgoblins
  8 kobolds
  A quokka (D:1)
  5 bats
  5 frilled lizards
  5 rats
190 creatures vanquished.

Vanquished Creatures (others)
  An orc wizard (D:7)
1 creature vanquished.

Grand Total: 191 creatures vanquished

Notes
Turn   | Place    | Note
-------+----------+-------------------------------------------
     0 | D:1      | sankara the Draconian Transmuter began the quest for the
                  | Orb.
     0 | D:1      | Reached XP level 1. HP: 16/16 MP: 3/3
    54 | D:1      | Found a faded altar of an unknown god.
   165 | D:1      | Reached XP level 2. HP: 21/23 MP: 3/5
   376 | D:1      | Learned a level 2 spell: Wereblood
   985 | D:2      | Reached XP level 3. HP: 24/28 MP: 3/6
  1005 | D:1      | Learned a level 3 spell: Spider Form
  1630 | D:2      | Reached skill level 1 in Poison Magic
  1656 | D:2      | Reached XP level 4. HP: 35/35 MP: 3/7
  2815 | D:3      | Reached XP level 5. HP: 29/40 MP: 4/8
  3999 | D:4      | Found a staircase to the Ecumenical Temple.
  4089 | Temple   | Entered the Ecumenical Temple
  4560 | Temple   | Became a worshipper of the Wu Jian Council
  4646 | D:5      | Entered Level 5 of the Dungeon
  4701 | D:5      | Identified the +8 fustibalus "Koebrew" {venom, rElec}
  4846 | D:5      | Reached XP level 6. HP: 44/47 MP: 5/9
  5283 | D:5      | Reached skill level 1 in Slings
  5383 | D:5      | Reached skill level 5 in Unarmed Combat
  5875 | D:6      | Your scales start taking on a lurid green colour.
  5875 | D:6      | Reached XP level 7. HP: 52/52 MP: 10/10
  5875 | D:6      | Gained mutation: Your system is resistant to poisons.
                  | (rPois) [Green Draconian growth]
  6681 | D:7      | Reached skill level 5 in Transmutations
  7069 | D:7      | Reached XP level 8. HP: 59/59 MP: 8/12
  7129 | D:7      | Learned a level 4 spell: Ice Form
  7233 | D:7      | Reached * piety under Wu Jian
  8363 | D:8      | Noticed Maggie
  8379 | D:8      | Killed Maggie
  8380 | D:8      | Reached skill level 1 in Ice Magic
  8742 | D:8      | Reached XP level 9. HP: 54/64 MP: 10/13
  8818 | D:8      | Reached skill level 5 in Slings
  9225 | D:9      | Reached ** piety under Wu Jian
  9350 | D:9      | Found Licrirae's Armour Emporium.
  9378 | D:9      | Found a staircase to the Orcish Mines.
  9559 | D:9      | Noticed a two-headed ogre
  9564 | D:9      | Killed a two-headed ogre
  9659 | D:9      | Found Voes's Changing Room.
  9762 | D:10     | Entered Level 10 of the Dungeon
  9765 | D:10     | Noticed an obsidian statue
  9815 | D:10     | Found a shadowy altar of Dithmenos.
  9867 | D:10     | Reached XP level 10. HP: 65/78 MP: 10/14
 10577 | D:10     | Noticed Fannar
 10688 | D:10     | Killed Fannar
 10689 | D:10     | Reached skill level 5 in Fighting
 10964 | D:11     | Noticed a two-headed ogre
 10970 | D:11     | Killed a two-headed ogre
 11001 | D:11     | Noticed a two-headed ogre
 11011 | D:11     | Killed a two-headed ogre
 11073 | D:11     | Reached XP level 11. HP: 65/91 MP: 11/15
 11340 | D:11     | Reached *** piety under Wu Jian
 12208 | D:11     | Slain by a manticore

Illustrated notes

Levels and vault maps discovered:
D:1:      heliophobic_arrival_ceremonial_halls, layout_loops_ring,
          hellmonk_ecumenical_altar_heavens_door
D:2:      kennysheep_six_static_rooms, layout_basic
D:3:      layout_rooms, small_statue_intersection, minmay_misc_feat_pillars,
          minmay_door_square
D:4:      layout_loops_ring, temple_statues, kennysheep_generic_room_14
D:5:      layout_loops_corners, minmay_misc_feat_enclosed
D:6:      layout_cave_pods
D:7:      layout_basic
D:8:      layout_loops_ring, uniq_maggie
D:9:      layout_gridville, orc_david_3, nicolae_transmutations_shop, hex_large,
          st_stairs_5, eino_tiny_chamber, solitary_fountain
D:10:     layout_roguey, grunt_dithmenos_shadows, minivault_16, uniq_fannar
D:11:     nzn_winding_woodlands_medium [nzn_winding_woodlands_5x5_closed_star,
          nzn_winding_woodlands_5x15_longhouse,
          nzn_winding_woodlands_5x5_default, nzn_winding_woodlands_5x5_default,
          nzn_winding_woodlands_center_diamonds,
          nzn_winding_woodlands_5x5_default,
          nzn_winding_woodlands_5x5_perimeter,
          nzn_winding_woodlands_5x15_pockets,
          nzn_winding_woodlands_5x5_open_star], layout_cave_pools,
          lair_entry_dummy
Temple:   compressed_dpeg_triangle_lava_temple

Skill      XL: |  1  2  3  4  5  6  7  8  9 10 11 |
---------------+----------------------------------+-----
Transmutations | 3 4 5 6 7 9 |  9.4
Poison Magic   | 1 2 3 4 |  4.0
Unarmed Combat | 4 5 6 7 8 9 |  9.8
Slings         | 1 3 4 5 7 |  7.6
Spellcasting   | 3 |  3.0
Ice Magic      | 1 4 |  4.0
Fighting       | 3 6 7 |  7.2
Dodging        | |  1.7

Action                   |  1- 3 |  4- 6 |  7- 9 | 10-12 || total
-------------------------+-------+-------+-------+-------++-------
Melee: Unarmed           |    95 |   106 |   108 |   153 ||   462
       Tailslap          |    11 |     2 |       |       ||    13
       Kick              |    16 |     2 |       |       ||    18
       Headbutt          |    10 |     1 |       |       ||    11
 Fire: Fustibalus        |       |    32 |   114 |    30 ||   176
 Cast: Beastly Appendage |    24 |     2 |       |       ||    26
       Spider Form       |     3 |    28 |    20 |    15 ||    66
       Ice Form          |       |       |       |     4 ||     4
Invok: Lunge             |       |       |     3 |    10 ||    13
       Whirlwind         |       |       |       |    13 ||    13
 Abil: End Transformatio |       |       |     2 |     2 ||     4
       Breathe Noxious F |       |       |       |     1 ||     1
  Use: Scroll            |       |    13 |       |       ||    13
       Potion            |       |       |       |     1 ||     1
 Stab: Sleeping          |     2 |     3 |     2 |       ||     7
Armor: Skin              |    18 |    27 |    22 |    73 ||   140
Dodge: Dodged            |    48 |   101 |    81 |   140 ||   370
